 Dungeon Crawl Stone Soup version 0.27-a0-1139-g28e009f8a6 (webtiles) character file.

Game seed: 17997846016349912134

697 Anon1729 the Cutter (level 7, -1/38 HPs)
             Began as a Spriggan Berserker on May 7, 2021.
             Was a Priest of Trog.
             Slain by a water moccasin (6 damage)
             ... on level 7 of the Dungeon on May 8, 2021.
             The game lasted 00:04:41 (5446 turns).

Anon1729 the Cutter (Spriggan Berserker)            Turns: 5446, Time: 00:04:42

Health: -1/38      AC:  3    Str: 14    XL:     7   Next: 37%
Magic:  8/8        EV: 18    Int:  9    God:    Trog [***...]
Gold:   113        SH:  0    Dex: 15    Spells: 6/6 levels left

rFire    . . .     SeeInvis +   a - +0 short sword
rCold    . . .     Faith    .   (shield restricted)
rNeg     . . .     Spirit   .   b - +0 animal skin
rPois    .         Reflect  .   (helmet restricted)
rElec    .         Harm     .   u - +0 cloak
rCorr    .         Rampage  .   (gloves unavailable)
Will     +....                  (boots unavailable)
Stlth    ++........             (no amulet)
HPRegen  0.12/turn              (no ring)
MPRegen  0.11/turn              (no ring)

@: lethally poisoned (-1 -> -11), on berserk cooldown, attractive, very quick
A: very small, no large weapons, unfitting armour, see invisible, speed 3
a: Renounce Religion, Berserk, Trog's Hand


You were on level 7 of the Dungeon.
You worshipped Trog.
Trog was most pleased with you.
You visited 1 branch of the dungeon, and saw 7 of its levels.

You collected 113 gold pieces.

Inventory:

Hand Weapons
 a - a +0 short sword (weapon)
 v - the +9 mace "Catrom" {flame, rN+}
   (You found it on level 4 of the Dungeon)

   It has been specially enchanted to burn those struck by it, causing extra
   injury to most foes and up to half again as much damage against particularly
   susceptible opponents.
   It protects you from negative energy.
Missiles
 n - 2 throwing nets
 t - 26 poisoned darts
Armour
 b - a +0 animal skin (worn)
 u - a +0 cloak (worn)
Jewellery
 e - an amulet of magic regeneration
 s - a +6 ring of strength
Wands
 q - a wand of polymorph (7)
Scrolls
 c - a scroll of enchant armour {unknown}
 d - a scroll of magic mapping {unknown}
 g - a scroll of amnesia {unknown}
 i - a scroll of noise {unknown}
 j - 2 scrolls of teleportation {unknown}
 k - a scroll of fog {unknown}
 l - a scroll of immolation {unknown}
 o - 2 scrolls of identify {unknown}
Potions
 f - 2 potions of heal wounds
 h - a potion of brilliance
 m - a potion of attraction
 r - a potion of mutation {unknown}
 w - a potion of haste {unknown}


   Skills:
 + Level 4.4 Fighting
 * Level 7.6 Short Blades
 - Level 4.2 Dodging
 + Level 2.1 Stealth
 + Level 1.8 Evocations


You had 6 spell levels left.
You didn't know any spells.
Your spell library was empty.

Dungeon Overview and Level Annotations

Branches:
Dungeon (8/15)
 Temple: D:4-7         Lair: D:8-11

Altars:
Ru

Shops:
D:3 =


Innate Abilities, Weirdness & Mutations

You are very small and have problems with some larger weapons.
You are too small for most types of armour.
You have supernaturally acute eyesight. (SInv)
You cover ground extremely quickly. (Speed+++)


Message History

The water moccasin misses you. The water moccasin barely misses you.
There is a stone staircase leading up here.
The water moccasin closely misses you. The water moccasin misses you.
You fly upwards.
There is a stone staircase leading down here.
The water moccasin closely misses you.
The water moccasin completely misses you.
Found a scroll labelled AVUOCI IDAPE.
The water moccasin bites you.
You are poisoned.
The water moccasin poisons you!
You feel very sick.
It was a potion of heal wounds.
You feel much better.
You feel very sick. The water moccasin misses you.
The water moccasin barely misses you.
You feel sick. The water moccasin closely misses you.
You see here a scroll labelled AVUOCI IDAPE.
It was a potion of brilliance.
You feel clever all of a sudden.
You feel very sick. The water moccasin bites you.
You are lethally poisoned!
The water moccasin poisons you! The water moccasin barely misses you.
It was a potion of attraction.
You feel attractive to monsters.
You feel yourself speed up.
* * * LOW HITPOINT WARNING * * *
You feel very sick.
The water moccasin barely misses you. x2
It was a potion of cancellation.
Your magical effects are unravelling.
You feel magically purged.
Your transformation has ended.
Your +0 short sword unmelds from your body.
Your +0 cloak unmelds from your body.
Your +0 animal skin unmelds from your body.
You feel a little less clever now.
* * * LOW HITPOINT WARNING * * *
You feel sick. The water moccasin bites you.
You die...

#.#####.###
#.........#
#.....>.#
#.##.####
#.## #..#
##.# #S# #@#
#...........#
####.....##.#
#.......
#.#...##.# #.
#.## # #. ..
## .##


You could see a water moccasin.

Vanquished Creatures
  Grinder (D:3)
  A scorpion (D:4)
  A howler monkey (D:8)
  2 bullfrog zombies
  A centaur zombie (D:5)
  Crazy Yiuf (D:4)
  2 hounds
  2 orc wizards (D:8)
  A hound skeleton (D:4)
  3 gnolls (D:3)
  3 adders
  2 adder skeletons (D:4)
  4 dart slugs
  6 orcs
  5 ball pythons
  2 endoplasms
  6 giant cockroaches
  7 hobgoblins
  6 jackals (D:2)
  3 quokkas
  9 bats
  3 frilled lizards
  9 goblins
  3 kobolds
  2 rats (D:1)
85 creatures vanquished.

Vanquished Creatures (others)
  30 plants (D:3)
30 creatures vanquished.

Grand Total: 115 creatures vanquished

Notes
Turn   | Place    | Note
-------+----------+-------------------------------------------
     0 | D:1      | Anon1729 the Spriggan Berserker began the quest for the
                  | Orb.
     0 | D:1      | Reached XP level 1. HP: 11/11 MP: 2/2
   558 | D:1      | Reached XP level 2. HP: 14/16 MP: 3/3
   956 | D:1      | Reached ** piety under Trog
   986 | D:1      | Reached skill level 4 in Short Blades
  1266 | D:1      | Found a faded altar of an unknown god.
  1295 | D:2      | Reached XP level 3. HP: 15/19 MP: 4/4
  2597 | D:3      | Reached XP level 4. HP: 24/24 MP: 5/5
  2815 | D:3      | Reached skill level 5 in Short Blades
  2879 | D:3      | Noticed Grinder
  2888 | D:3      | Paralysed by Grinder for 2 turns
  3235 | D:4      | Noticed a scorpion
  3245 | D:4      | Killed a scorpion
  3246 | D:4      | Reached XP level 5. HP: 28/28 MP: 6/6
  3408 | D:4      | Found a sacrificial altar of Ru.
  3541 | D:4      | Reached skill level 6 in Short Blades
  3897 | D:3      | Paralysed by Grinder for 2 turns
  3909 | D:3      | Killed Grinder
  3910 | D:3      | Reached skill level 7 in Short Blades
  3910 | D:3      | Reached XP level 6. HP: 33/33 MP: 7/7
  4036 | D:3      | Found Honeank's Jewellery Shoppe.
  4929 | D:4      | Found a runed translucent door.
  4931 | D:4      | Identified the +9 mace "Catrom" {flame, rN+}
  4932 | D:4      | Noticed Crazy Yiuf
  4940 | D:4      | Killed Crazy Yiuf
  4941 | D:4      | Reached XP level 7. HP: 37/37 MP: 8/8
  5202 | D:5      | Entered Level 5 of the Dungeon
  5225 | D:5      | Reached skill level 1 in Stealth
  5288 | D:5      | Reached skill level 1 in Evocations
  5349 | D:5      | You fall into a shaft and drop 3 floors!
  5403 | D:8      | Reached *** piety under Trog
  5446 | D:7      | Slain by a water moccasin

Illustrated notes

Levels and vault maps discovered:
D:1:      arrival_zaba_pyramid, layout_basic,
          shapermc_ecumenical_altar_mp_urbaneastern
D:2:      layout_basic, kennysheep_cluttered_room, minmay_stone_trees_small,
          chequers_arboretum, minmay_tripent
D:3:      layout_basic, serial_shops, nicolae_shop_window_shopping,
          serial_bayou_lagoon_a, minmay_misc_feat_room, uniq_grinder
D:4:      layout_basic, kennysheep_mini_moat, uniq_crazy_yiuf_cottage
D:5:      layout_rooms, kennysheep_nondescript, amethyst_killhole,
          roderic_roman_lattice, uniq_eustachio, uniq_sigmund
D:7:      layout_loops_corners, minmay_overflow_temple_star_quad,
          chequers_guarded_unrand_ignorance
D:8:      statuecave_lemuel, layout_cave_pools, lemuel_doored_altar,
          enter_bailey_2

Skill      XL: |  1  2  3  4  5  6  7 |
---------------+----------------------+-----
Short Blades   | 4 5 7 |  7.6
Fighting       | 3 4 |  4.4
Stealth        | 2 |  2.1
Evocations     | 1 |  1.8
Dodging        | |  4.2

Action                   |  1- 3 |  4- 6 |  7- 9 || total
-------------------------+-------+-------+-------++-------
Melee: Short sword       |   172 |   142 |    60 ||   374
Invok: Berserk           |     2 |     6 |     1 ||     9
Evoke: Wand              |       |       |     3 ||     3
  Use: Potion            |       |       |     4 ||     4
 Stab: Sleeping          |     1 |     1 |       ||     2
Armor: Animal skin       |    14 |    13 |     5 ||    32
Dodge: Dodged            |   141 |   109 |    72 ||   322

Table legend: (Time is in decaauts)
 A = Elapsed time spent in this place.
 B = Non-inter-level travel time spent in this place.
 C = Inter-level travel time spent in this place.
 D = Time resting spent in this place.
 E = Time spent auto-exploring this place.
 F = Levels seen in this place.
 G = Mean time per level.
                   A        B        C        D        E       F      G
               +--------+--------+--------+--------+--------+-----+--------+
         Total |   4305 |   4235 |     70 |    782 |   2862 |   7 |  615.0 |
       Dungeon |   4305 |   4235 |     70 |    782 |   2862 |   7 |  615.0 |
               +--------+--------+--------+--------+--------+-----+--------+

Top non-repeatable levels by time:
     D:4: 1076 daAuts
     D:2: 1073 daAuts
     D:1: 1038 daAuts
     D:3: 928 daAuts
     D:5: 115 daAuts
     D:8: 60 daAuts
     D:7: 11 daAuts
